 Dungeon Crawl Stone Soup version 0.31-a0-112-gdf0485fa37 (webtiles) character file.

Game seed: 4015478683242036628

1972599 TittyCrusher the Axe Maniac (level 27, 273/273 HPs)
             Began as a Minotaur Fighter on May 28, 2023.
             Was the Champion of Makhleb.
             Escaped with the Orb
             ... and 3 runes on May 29, 2023!
             The game lasted 02:56:52 (56605 turns).

TittyCrusher the Axe Maniac (Minotaur Fighter)     Turns: 56605, Time: 02:56:53

Health: 273/273    AC: 41    Str: 30      XL:     27
Magic:  36/36      EV: 28    Int:  3 (5)  God:    Makhleb [******]
Gold:   5064       SH:  0    Dex: 27 (29) Spells: 25/26 levels left

rFire   + . .        a - +6 battleaxe (spect)
rCold   + . .        (shield currently unavailable)
rNeg    + . .        F - +0 crystal plate armour of the Arcane {rElec Str+7}
rPois   .            Z - -1 hat of Houmnunt {rElec Regen+}
rElec   +            z - +4 dragonskin cloak
rCorr   .            r - +0 pair of gloves of Skepticism {Dex+2}
SInv    +            I - +1 pair of boots "Rootos Qompu" {Regen+ SInv}
Will    ++++.        g - amulet of Vitality {RegenMP++ Regen++} Stlth
                     d - ring of Hefehen {rF+ rC+ Will++}
HPRegen 3.85/turn    l - ring of Freedom {rN+ Dex+5}
MPRegen 1.05/turn

%: no passive effects
@: studying 3 skills
A: horns 2, retaliatory headbutt, wild magic 1, MP-powered wands
0: Orb of Zot
}: 3/15 runes: serpentine, barnacled, silver
a: Renounce Religion, Minor Destruction, Lesser Servant of Makhleb, Major
Destruction, Greater Servant of Makhleb


You escaped.
You worshipped Makhleb.
Makhleb was exalted by your worship.
You visited 11 branches of the dungeon, and saw 51 of its levels.
You visited 1 bazaar.
You visited 1 ziggurat, and saw 15 of its levels.
You also visited: Ossuary, Bailey, Gauntlet, Ice Cave and Desolation.

You collected 9956 gold pieces.
You spent 4892 gold pieces at shops.

Inventory:

Hand Weapons
 a - a +6 spectral battleaxe (weapon)
 b - the +7 battleaxe "Gudip" {freeze, *Noise rElec rPois Will+}
   (You found it on level 2 of the Depths)

   rElec:     It insulates you from electricity.
   rPois:     It protects you from poison.
   *Noise:    It may make noises in combat.
   Will:      It increases your willpower.
 c - a +3 vampiric broad axe
 e - the +8 frozen axe "Frostbite" {freeze, freezing cloud, *Noise Fly rC+}
   (You found it on level 11 of a ziggurat)

   rC:        It protects you from cold.
   Fly:       It grants you flight.
   *Noise:    It may make noises in combat.
 A - a +3 antimagic battleaxe
 T - a +3 battleaxe of chaos
Missiles
 y - 10 throwing nets
Armour
 r - the +0 pair of gloves of Skepticism (worn) {Dex+2}
   (You found it on level 3 of the Elven Halls)

   Dex:       It affects your dexterity (+2).
 z - the +4 dragonskin cloak (worn)
   (You took it off Tiamat on level 1 of the Realm of Zot)

   Avatar's Aegis: It grants the wearer a chance to resist fire, cold, poison,
   electricity, acid, and negative energy.
 F - the +0 crystal plate armour of the Arcane (worn) {rElec Str+7}
   (You bought it in a shop on level 2 of the Orcish Mines)

   Str:       It affects your strength (+7).
   rElec:     It insulates you from electricity.
 I - the +1 pair of boots "Rootos Qompu" (worn) {Regen+ SInv}
   (You bought it in a shop on level 2 of the Orcish Mines)

   SInv:      It lets you see invisible.
   Regen:     It increases your rate of health regeneration.
 L - a +2 cloak of preservation
 Z - the -1 hat of Houmnunt (worn) {rElec Regen+}
   (You acquired it on level 4 of the Snake Pit)

   rElec:     It insulates you from electricity.
   Regen:     It increases your rate of health regeneration.
Jewellery
 d - the ring of Hefehen (left hand) {rF+ rC+ Will++}
   (You found it on level 2 of the Vaults)

   [ring of protection from fire]

   rF:        It protects you from fire.
   rC:        It protects you from cold.
   Will:      It greatly increases your willpower.
 g - the amulet of Vitality (around neck) {RegenMP++ Regen++}
   (You found it on level 2 of the Vaults)

   [amulet of magic regeneration]

   It increases your rate of magic regeneration.
   Regen:     It increases your rate of health regeneration.
 h - the ring of Waon {Fire +Blink Dex+3}
   (You found it on level 15 of a ziggurat)

   [ring of fire]

   It enhances your fire magic.
   Dex:       It affects your dexterity (+3).
   rF:        It protects you from fire.
   rC:        It makes you vulnerable to cold.
   +Blink:    It lets you blink.
 l - the ring of Freedom (right hand) {rN+ Dex+5}
   (You found it on level 3 of the Crypt)

   [ring of positive energy]

   Dex:       It affects your dexterity (+5).
   rN:        It protects you from negative energy.
 m - the ring of Dudeps {Fly rC+ rN+ Will+}
   (You found it on level 3 of the Dungeon)

   [ring of protection from cold]

   rC:        It protects you from cold.
   rN:        It protects you from negative energy.
   Fly:       It grants you flight.
   Will:      It increases your willpower.
 q - the ring "Lisy" {rF+ rC+ Str+8 Int-3 Dex+3}
   (You acquired it on level 14 of a ziggurat)

   [ring of protection from cold]

   Str:       It affects your strength (+8).
   Int:       It affects your intelligence (-3).
   Dex:       It affects your dexterity (+3).
   rF:        It protects you from fire.
   rC:        It protects you from cold.
 x - the ring of Spite {rC- EV+5 Int+4 SInv}
   (You found it on level 1 of the Realm of Zot)

   [ring of evasion]

   EV:        It affects your evasion (+5).
   Int:       It affects your intelligence (+4).
   rC:        It makes you vulnerable to cold.
   SInv:      It lets you see invisible.
 G - a ring of resist corrosion
 M - the ring "Wecvefas" {rF+++ rN+ Will- Str+3 Dex+4}
   (You found it on level 3 of the Crypt)

   [ring of positive energy]

   Str:       It affects your strength (+3).
   Dex:       It affects your dexterity (+4).
   rF:        It renders you almost immune to fire.
   rN:        It protects you from negative energy.
   Will:      It decreases your willpower.
 W - a ring of protection from fire
Wands
 k - a wand of mindburst (62)
 B - a wand of digging (24)
 C - a wand of iceblast (66)
 V - a wand of quicksilver (45)
Scrolls
 i - a scroll of magic mapping
 j - 38 scrolls of teleportation
 o - 8 scrolls of fear
 v - 6 scrolls of vulnerability
 w - 6 scrolls of fog
 J - 7 scrolls of butterflies
 K - 2 scrolls of brand weapon
 P - 2 scrolls of poison
 X - 13 scrolls of blinking
Potions
 f - 20 potions of curing
 n - 9 potions of resistance
 p - a potion of haste
 s - 7 potions of lignification
 t - 7 potions of mutation
 u - 17 potions of brilliance
 D - 14 potions of attraction
 E - 2 potions of invisibility
 H - a potion of cancellation
 N - 7 potions of might
 O - 5 potions of magic
 Q - 11 potions of enlightenment
 S - 12 potions of ambrosia
 Y - 15 potions of heal wounds
Miscellaneous
 R - a phial of floods


   Skills:
 O Level 27 Fighting
 O Level 27 Axes
 O Level 27 Armour
 O Level 27 Dodging
 - Level 3.6 Shields
 + Level 21.3 Invocations
 - Level 15.0 Evocations


You had 25 spell levels left.
You knew the following spells:

 Your Spells              Type           Power      Damage    Failure   Level
a - Apportation           Tloc           0%         N/A       98%         1

Your spell library contained the following spells:

 Spells                   Type           Power      Damage    Failure   Level
 Foxfire                  Conj/Fire      0%         2x1d4     98%         1
 Freeze                   Ice            0%         1d3       98%         1
 Kiss of Death            Conj/Necr      0%         2d5       98%         1
 Magic Dart               Conj           0%         1d3       98%         1
 Necrotise                Necr           0%         1d4       98%         1
 Sandblast                Erth           0%         2d4       98%         1
 Shock                    Conj/Air       0%         1d3       98%         1
 Sting                    Tmut/Pois      0%         1d3       98%         1
 Summon Small Mammal      Summ           0%         N/A       98%         1
 Call Imp                 Summ           0%         N/A       99%         2
 Cigotuvi's Dreadful Rot  Necr/Pois/Air  0%         N/A       99%         2
 Ensorcelled Hibernation  Hex/Ice        0%         N/A       99%         2
 Momentum Strike          Conj/Tloc      0%         3d8       99%         2
 Passwall                 Tmut/Erth      0%         N/A       99%         2
 Poisonous Vapours        Pois/Air       0%         N/A       99%         2
 Searing Ray              Conj           0%         2d4       99%         2
 Sublimation of Blood     Necr           0%         N/A       99%         2
 Confusing Touch          Hex            0%         N/A       100%        3
 Dazzling Flash           Conj/Hex       0%         N/A       100%        3
 Frozen Ramparts          Ice            0%         1d1       100%        3
 Gell's Gravitas          Tloc           0%         N/A       100%        3
 Hailstorm                Conj/Ice       0%         3d3       100%        3
 Inner Flame              Hex/Fire       0%         N/A       100%        3
 Mephitic Cloud           Conj/Pois/Air  0%         N/A       100%        3
 Ozocubu's Armour         Ice            0%         N/A       100%        3
 Spider Form              Tmut/Pois      0%         N/A       100%        3
 Stone Arrow              Conj/Erth      0%         3d7       100%        3
 Summon Guardian Golem    Hex/Summ       0%         N/A       100%        3
 Swiftness                Air            0%         N/A       100%        3
 Teleport Other           Tloc           0%         N/A       100%        3
 Tukima's Dance           Hex            0%         N/A       100%        3
 Vampiric Draining        Necr           0%         2d6       100%        3
 Vhi's Electric Charge    Tloc/Air       0%         N/A       100%        3
 Volatile Blastmotes      Fire/Tloc      0%         2d10      100%        3
 Airstrike                Air            0%         2d(0-16)  100%        4
 Anguish                  Hex/Necr       0%         N/A       100%        4
 Animate Armour           Summ/Erth      0%         N/A       100%        4
 Dispel Undead            Necr           0%         3d6       100%        4
 Flame Wave               Conj/Fire      0%         2d4       100%        4
 Fulminant Prism          Conj/Hex       0%         3d5       100%        4
 Ice Form                 Ice/Tmut       0%         N/A       100%        4
 Iskenderun's Mystic Bla  Conj/Tloc      0%         2d3       100%        4
 Manifold Assault         Tloc           0%         N/A       100%        4
 Olgreb's Toxic Radiance  Pois           0%         N/A       100%        4
 Passage of Golubria      Tloc           0%         N/A       100%        4
 Petrify                  Tmut/Erth      0%         N/A       100%        4
 Sticky Flame             Conj/Fire      0%         2d3       100%        4
 Summon Ice Beast         Ice/Summ       0%         N/A       100%        4
 Summon Lightning Spire   Summ/Air       0%         N/A       100%        4
 Agony                    Necr           0%         N/A       100%        5
 Alistair's Intoxication  Tmut/Pois      0%         N/A       100%        5
 Arcjolt                  Conj/Air       0%         1d10      100%        5
 Blade Hands              Tmut           0%         N/A       100%        5
 Fireball                 Conj/Fire      0%         3d3       100%        5
 Freezing Cloud           Conj/Ice/Air   0%         6-21      100%        5
 Irradiate                Conj/Tmut      0%         3d11      100%        5
 Metabolic Englaciation   Hex/Ice        0%         N/A       100%        5
 Silence                  Hex/Air        0%         N/A       100%        5
 Summon Forest            Summ/Tloc      0%         N/A       100%        5
 Summon Mana Viper        Hex/Summ       0%         N/A       100%        5
 Yara's Violent Unravell  Hex/Tmut       0%         3d3       100%        5
 Conjure Ball Lightning   Conj/Air       0%         3x3d6     100%        6
 Death Channel            Necr           0%         N/A       100%        6
 Dispersal                Tloc           0%         N/A       100%        6
 Eringya's Noxious Bog    Tmut/Pois      0%         N/A       100%        6
 Leda's Unmaking          Conj/Erth      0%         9d1       100%        6
 Plasma Beam              Fire/Air       0%         2x1d11    100%        6
 Simulacrum               Ice/Necr       0%         N/A       100%        6
 Starburst                Conj/Fire      0%         6d3       100%        6
 Summon Cactus Giant      Summ           0%         N/A       100%        6
 Dragon Form              Tmut           0%         N/A       100%        7
 Malign Gateway           Summ/Tloc      0%         N/A       100%        7
 Orb of Destruction       Conj           0%         9d5       100%        7
 Ozocubu's Refrigeration  Ice            0%         4d7       100%        7
 Spellforged Servitor     Conj/Summ      0%         N/A       100%        7
 Summon Hydra             Summ           0%         N/A       100%        7
 Discord                  Hex            0%         N/A       100%        8
 Disjunction              Tloc           0%         N/A       100%        8
 Ignition                 Fire           0%         3d3       100%        8
 Lehudib's Crystal Spear  Conj/Erth      0%         10d2      100%        8
 Maxwell's Capacitive Co  Air            0%         ∞         100%        8
 Summon Horrible Things   Summ           0%         N/A       100%        8
 Chain Lightning          Conj/Air       0%         N/A       100%        9
 Death's Door             Necr           0%         N/A       100%        9


Dungeon Overview and Level Annotations

Branches:
Dungeon (15/15)            Temple (1/1) D:5            Lair (5/5) D:10
 Shoals (4/4) Lair:3        Snake (4/4) Lair:2        Slime (0/5) Lair:4
    Orc (2/2) D:12            Elf (3/3) Orc:2        Vaults (5/5) D:13
  Crypt (3/3) Vaults:3       Tomb (0/3) Crypt:3      Depths (4/4) D:15
    Zot (5/5) Depths:4    Ossuary (visited)          Bailey (visited)
  IceCv (visited)         Desolation (visited)      Gauntlet (visited)

Altars:
Ashenzari
Cheibriados
Dithmenos
Elyvilon
Fedhas
Gozag
Hepliaklqana
Kikubaaqudgha
Makhleb
Nemelex Xobeh
Okawaru
Qazlal
Ru
Sif Muna
Trog
Uskayaw
Vehumet
Wu Jian
Xom
Yredelemnul
Zin
The Shining One
Jiyva
Lugonu

Shops:
D:3 :?   D:10 :   Orc:2 [([(*[   Elf:2 (   Elf:3 *[   Snake:3 (   Vaults:2 :
Vaults:3 ?   Vaults:5 ?   Depths:2 [:=

Portals:
Hell: Depths:1 Depths:2 Depths:3 Depths:4
Abyss: Depths:1 Depths:3
Pandemonium: Depths:2

Annotations:
D:3 exclusion: 2 downstairs
Depths:4 1 runed translucent door, Cagrigri's ghost, adept TrMo
Zot:4 1 transporter


Innate Abilities, Weirdness & Mutations

You have a pair of horns on your head.
You reflexively headbutt those who attack you in melee.
Your spells are a little harder to cast, but a little more powerful.
You expend magic power (3 MP) to strengthen your wands.


Message History

Makhleb accepts your kill.
You feel better.
Your +6 spectral battleaxe barely misses Zifemun.
Zifemun hits you but does no damage.
You hit Zifemun.
Zifemun is severely wounded.
Your +6 spectral battleaxe hits Zifemun but does no damage.
Zifemun hits your +6 spectral battleaxe!!!
Your spectral weapon shares its damage with you!
Zifemun burns your +6 spectral battleaxe.
Your +6 spectral battleaxe disappears.
You strike the helpless Zifemun from behind!
You chop Zifemun into pieces!!!!
Zifemun is almost dead.
Your +6 spectral battleaxe hits Zifemun.
Zifemun misses you. You furiously retaliate!
You headbutt Zifemun! You hit Zifemun but do no damage.
Your headbutt misses Zifemun.
Zifemun is almost dead.
Your +6 spectral battleaxe hits Zifemun but does no damage.
Zifemun misses your +6 spectral battleaxe.
You hit Zifemun. You headbutt Zifemun.
Zifemun is almost dead.
Your +6 spectral battleaxe closely misses Zifemun.
Zifemun misses you. Zifemun hits you! Zifemun burns you.
Unknown command.
You carve Zifemun like a ham!!!
You kill Zifemun!
Makhleb accepts your kill.
You feel better.
Your +6 spectral battleaxe disappears.
You feel your strength returning.
No target in view!
There is a stone staircase leading up here.
An ice devil comes into view.
There is a stone staircase leading up here.
You climb upwards.
There is a stone staircase leading down here.
A red devil comes into view. It is wielding a +0 demon trident.
There is a staircase leading out of the dungeon here.
You have escaped!

### ##@## ###...#
##.....# ###.....##
##.......##
###.........##
#####......8..4..#
###..........##...##
#......#..)..##...#


You could see a red devil.

Vanquished Creatures
  6 dread liches
  Tiamat (Zot:1)
  3 ancient liches
  Mennas (Depths:4)
  3 orbs of fire (Zot:5)
  A juggernaut (Zig:15)
  2 royal mummies
  6 Killer Klowns
  4 shard shrikes (Depths:2)
  The ghost of Onnujuk the Slayer, a veteran MiBe of Trog (Elf:1)
  Bai Suzhen (Crypt:3)
  The ghost of Paif the Sorcerer, a veteran DjCj of the Shining One (Depths:1)
  2 curse toes (Zot:5)
  Vashnia (Snake:2)
  4 caustic shrikes
  Nikola (Vaults:1)
  3 golden dragons
  Jory (Depths:4)
  3 bone dragons (Zig:14)
  3 electric golems
  A Hell Sentinel (Zig:10)
  A hellephant (Zig:11)
  Jorgrun (Elf:2)
  An iron giant (Zig:10)
  13 tentacled monstrosities
  29 Orb Guardians
  9 liches
  Zenata (Vaults:1)
  3 pandemonium lords
  5 titans (Vaults:5)
  10 quicksilver dragons
  2 deep elf blademasters (Elf:3)
  A kraken (Shoals:2)
  The ghost of Woitib the Devastator, an adept GrFE of Vehumet (Vaults:2)
  Frances (Shoals:1)
  The ghost of Mungiw the Peltast, an adept MiBe of Trog (Shoals:2)
  2 deep elf master archers (Elf:3)
  2 acid blobs (Zig:7)
  6 ancient champions
  An Executioner (Depths:1)
  5 sphinxes
  6 death cobs
  12 shadow dragons
  15 storm dragons
  11 tengu reavers
  3 revenants
  Donald (Crypt:1)
  6 nagarajas
  An azure jelly (Zig:7)
  16 draconian monks
  5 fire giants
  10 draconian knights
  5 deep elf sorcerers
  A rockslime (Zig:5)
  2 balrugs
  5 imperial myrmidons (Desolation)
  Aizul (Vaults:1)
  A ghost moth (Zot:5)
  4 spectral caustic shrikes (Depths:1)
  10 draconian shifters
  19 frost giants
  An iron dragon (Vaults:5)
  2 spectral juggernauts (Depths:3)
  5 ghouls
  7 vault wardens
  3 deep elf elementalists (Elf:3)
  Louise (Depths:3)
  5 orc warlords
  3 curse skulls
  9 draconian stormcallers
  4 draconian scorchers
  A cacodemon (Depths:2)
  An angel (Depths:3)
  24 ironbound preservers
  11 draconian annihilators
  23 very ugly things
  10 war gargoyles
  2 quicksilver oozes
  22 stone giants
  2 elemental wellsprings (Shoals:3)
  10 green draconians
  5 ironbound thunderhulks
  2 formless jellyfish
  10 vampire knights
  9 yellow draconians
  4 deep elf annihilators (Elf:3)
  33 purple draconians
  A spectral titan (Depths:3)
  10 spark wasps
  A lorocyproca (Depths:4)
  10 black draconians
  20 white draconians
  10 red draconians
  12 dire elephants
  7 deep elf demonologists
  A minotaur (Gauntlet)
  Azrael (D:12)
  10 deep elf death magi
  4 eidola
  A spectral golden dragon (Depths:3)
  2 blizzard demons
  6 crystal guardians
  5 mummy priests
  10 fire dragons
  9 ragged hierophants (Desolation)
  8 jiangshi
  6 ettins
  4 entropy weavers
  3 merfolk impalers (Shoals:4)
  Josephine (D:12)
  3 deep elf high priests
  3 merfolk javelineers (Shoals:4)
  11 ice dragons
  16 yaktaur captains
  5 rakshasas
  2 spriggan air magi
  2 spectral spriggans (Depths:3)
  7 great orbs of eyes
  11 hydras
  4 salamander tyrants
  A spectral shadow dragon (Depths:3)
  A spriggan skeleton (Crypt:3)
  25 vault guards
  A spriggan zombie (Crypt:3)
  17 servants of whispers (Desolation)
  An anaconda (shapeshifter) (Zig:2)
  6 catoblepae
  A spectral tengu (Depths:3)
  7 anacondas
  10 peacekeepers
  Erica (D:10)
  An Orb Guardian zombie (Crypt:2)
  3 ogre magi (Vaults:5)
  A spectral sphinx (Depths:3)
  3 alligator snapping turtles (Shoals:4)
  A spectral fire giant (Depths:3)
  6 boulder beetles
  8 centaur warriors
  A bennu zombie (Crypt:2)
  4 two-headed ogres
  13 ironbound frosthearts
  9 naga warriors
  21 dancing weapons
  3 death knights
  3 death scarabs
  A satyr (Shoals:4)
  7 merfolk aquamancers
  A spectral frost giant (Depths:3)
  A thrashing horror (Gauntlet)
  11 deep troll earth magi
  3 tengu warriors
  4 hell hogs (D:6)
  7 deep troll shamans
  9 vampire magi
  4 death yaks
  3 orc high priests
  A spriggan (Depths:3)
  6 spriggan berserkers
  Urug (Lair:3)
  8 shock serpents
  13 naga sharpshooters
  A storm dragon zombie (Zig:9)
  10 hell knights
  7 skysharks
  15 deep elf knights
  11 iron trolls
  A soul eater (Crypt:1)
  A titan skeleton (Crypt:3)
  A sixfirhy (D:9)
  4 sun demons (Depths:4)
  3 salamander mystics
  A large abomination (D:2)
  4 shadow wraiths
  A fire crab (shapeshifter) (Zig:15)
  17 sea snakes
  17 skeletal warriors
  An obsidian statue (Depths:3)
  14 flayed ghosts
  A golden dragon zombie (Zig:9)
  A bunyip zombie (Crypt:3)
  3 glowing orange brains
  72 deep trolls
  A spectral iron dragon (Depths:3)
  4 steelbarb worms (Zig:4)
  2 spriggan druids (Zig:6)
  10 deep elf archers
  6 swamp dragons
  A bog body (Crypt:1)
  An orb spider (shapeshifter) (D:15)
  21 ironbound convokers
  2 orange crystal statues (IceCv)
  4 naga ritualists (Snake:4)
  8 wizards
  22 harpies
  7 lindwurms
  An iron giant skeleton (Crypt:2)
  8 orc knights
  23 deep elf pyromancers
  43 ugly things
  3 wolf spiders
  5 oklob plants
  5 necromancers
  13 phantasmal warriors
  19 deep elf zephyrmancers
  7 fauns
  10 mana vipers
  A will-o-the-wisp (Zig:6)
  6 cyclopes
  19 salamanders
  6 orc sorcerers
  37 black mambas
  6 merfolk sirens
  14 manticores
  13 moths of wrath
  A rust devil (D:10)
  4 guardian serpents
  8 elephants
  Joseph (D:7)
  7 water nymphs
  2 water nymphs (shapeshifter)
  7 fire giant skeletons (Crypt:3)
  24 vault sentinels
  2 eyes of devastation (shapeshifter)
  17 naga magi
  A molten gargoyle (Desolation)
  An apocalypse crab (Zig:3)
  2 eyes of devastation
  2 orange demons
  An alligator snapping turtle zombie (Crypt:3)
  2 hellions
  6 torpor snails
  Maggie (D:7)
  A naga skeleton (Crypt:3)
  A catoblepas zombie (Crypt:1)
  22 cane toads
  11 gargoyles
  2 kobold demonologists
  13 freezing wraiths
  22 komodo dragons
  3 minotaur zombies
  11 rime drakes
  17 yaktaurs
  2 efreet
  8 tengu conjurers
  3 ice devils
  5 anaconda simulacra
  A golden dragon simulacrum (IceCv)
  A black draconian skeleton (Crypt:2)
  3 spectral glowing shapeshifters (Depths:3)
  15 guardian mummies
  4 meliai
  A red devil (Depths:2)
  2 hellwings
  9 trolls
  A hornet (Depths:3)
  A merfolk (shapeshifter) (Vaults:5)
  A hornet (shapeshifter) (D:13)
  2 queen bees
  4 wind drakes
  2 polar bears (Lair:5)
  14 merfolk
  A troll (shapeshifter) (Elf:1)
  67 saltlings (Desolation)
  18 blink frogs
  A great orb of eyes zombie (Crypt:1)
  9 dream sheep
  51 slime creatures
  An ettin zombie (Crypt:3)
  A satyr zombie (Crypt:1)
  An iron dragon simulacrum (Depths:2)
  A spectral dream sheep (Gauntlet)
  A dream sheep (shapeshifter) (Vaults:2)
  15 snapping turtles
  2 yaks (shapeshifter)
  2 flying skulls (Zig:9)
  A spriggan (shapeshifter) (D:13)
  4 shadows
  7 vampires
  37 yaks
  A ynoxinul (D:2)
  3 air elementals
  An ettin skeleton (Crypt:3)
  9 fire dragon skeletons (Crypt:3)
  14 wraiths
  5 basilisks
  10 fire elementals
  A human (D:9)
  10 wyverns
  3 dire elephant simulacra
  4 hogs (D:9)
  26 water elementals
  A fire bat (shapeshifter) (D:14)
  2 golden eyes
  3 fire bats (Depths:4)
  2 chaos spawn
  2 neqoxecs (Depths:2)
  2 steam dragons (Lair:5)
  5 vampire mosquitoes
  4 wargs
  2 redbacks (Vaults:4)
  3 harpy simulacra
  An acid dragon (Lair:5)
  32 water moccasins
  A hydra simulacrum (IceCv)
  31 nagas
  A floating eye (Lair:4)
  2 hell hounds (Gauntlet)
  An entropy weaver zombie (Crypt:2)
  A fire bat skeleton (Crypt:1)
  A glowing shapeshifter zombie (Crypt:2)
  A floating eye (shapeshifter) (Elf:3)
  2 swamp drakes (Lair:5)
  A snapping turtle zombie (Crypt:2)
  61 orc warriors
  3 black bears
  4 ettin simulacra (IceCv)
  5 boggarts
  13 ogres
  13 wolves
  12 centaurs
  An elf zombie (Ossuary)
  2 kobold brigands
  Blork the orc (D:5)
  13 bullfrogs
  3 gnoll sergeants
  A komodo dragon skeleton (Crypt:1)
  A necrophage (Crypt:1)
  5 small abominations
  4 scorpions
  2 deep troll simulacra (Snake:2)
  6 earth elementals
  6 wights
  5 lindwurm simulacra
  62 killer bees
  7 howler monkeys
  7 electric eels
  A crimson imp (Depths:4)
  A hound (D:5)
  2 jellies (D:5)
  A human zombie (Ossuary)
  30 orc priests
  5 iguanas
  2 sleepcaps
  34 orc wizards
  A hell rat (Lair:3)
  8 mummies
  17 gnolls
  8 adders
  A river rat (D:3)
  A shadow imp (D:6)
  An ufetubus (D:4)
  2 adder zombies (Ossuary)
  5 worms
  A dart slug (D:5)
  123 orcs
  6 ball pythons
  8 bats
  6 endoplasms
  5 giant cockroaches
  17 goblins
  13 hobgoblins
  16 jackals
  10 quokkas
  A river rat zombie (Crypt:1)
  3 training dummies (Snake:3)
  A frilled lizard (D:1)
  6 goblin zombies (Ossuary)
  11 hobgoblin zombies (Ossuary)
  A jackal zombie (Ossuary)
  25 kobolds
  11 kobold zombies (Ossuary)
  An orc skeleton (Crypt:1)
  3 orc zombies (Ossuary)
  8 rats
  A spectral weapon (Zot:3)
  4 tentacles (Shoals:2)
2752 creatures vanquished.

Vanquished Creatures (collateral kills)
  A deep elf blademaster (Elf:2)
  An ice dragon (Depths:4)
  A deep elf zephyrmancer (Elf:2)
3 creatures vanquished.

Vanquished Creatures (others)
  A Killer Klown (Zot:5)
  2 draconian knights
  A draconian shifter (Zot:1)
  An eleionoma (Zig:6)
  A purple draconian (Zot:1)
  A hell knight (Depths:1)
  A deep elf knight (Elf:1)
  A deep elf archer (Elf:1)
  2 ugly things (Depths:4)
  A water elemental (Depths:4)
  An iguana (Lair:5)
  An orc (D:10)
  2 foxfires (Zig:6)
  125 spectral weapons
  3 tentacles (Shoals:2)
144 creatures vanquished.

Grand Total: 2899 creatures vanquished

Notes
Turn   | Place    | Note
-------+----------+-------------------------------------------
     0 | D:1      | TittyCrusher the Minotaur Fighter began the quest for the
                  | Orb.
     0 | D:1      | Reached XP level 1. HP: 19/19 MP: 0/0
   151 | D:1      | Reached XP level 2. HP: 25/26 MP: 1/1
   623 | D:2      | Reached XP level 3. HP: 31/31 MP: 2/2
   737 | D:2      | Reached skill level 5 in Axes
   834 | D:2      | Reached XP level 4. HP: 39/39 MP: 3/3
  1338 | D:3      | Found Vofeg's Magic Scroll Emporium.
  1349 | D:3      | Bought a scroll of fear for 40 gold pieces
  1349 | D:3      | Bought a scroll of fear for 40 gold pieces
  1388 | D:3      | Found Zamis's Book Emporium.
  1435 | D:3      | Found a faded altar of an unknown god.
  1444 | D:3      | Identified the ring of Dudeps {Fly rC+ rN+ Will+}
  1499 | D:3      | Identified the +1 ring mail of Tenacity {Int+3}
  1858 | D:3      | Found a glowing drain.
  1865 | D:3      | Reached XP level 5. HP: 39/45 MP: 4/4
  2518 | D:4      | Found a basalt altar of Yredelemnul.
  2618 | D:4      | Reached XP level 6. HP: 49/51 MP: 5/5
  2996 | D:4      | Found a sparkling altar of Nemelex Xobeh.
  2996 | D:4      | Found a transporter.
  3299 | D:5      | Entered Level 5 of the Dungeon
  3307 | D:5      | Reached XP level 7. HP: 55/57 MP: 6/6
  3433 | D:5      | Reached skill level 10 in Axes
  3504 | D:5      | Noticed Blork the orc
  3509 | D:5      | Killed Blork the orc
  3981 | D:5      | Reached XP level 8. HP: 60/64 MP: 7/7
  3982 | D:5      | Found a staircase to the Ecumenical Temple.
  3989 | Temple   | Entered the Ecumenical Temple
  4396 | D:6      | Found a sand-covered staircase.
  4405 | Ossuary  | Entered an ossuary
  5019 | D:6      | Found a bloodstained altar of Trog.
  5578 | D:7      | Noticed a gargoyle
  5584 | D:7      | Killed a gargoyle
  5619 | D:7      | Noticed a gargoyle
  5632 | D:7      | Killed a gargoyle
  5633 | D:7      | Reached XP level 9. HP: 10/70 MP: 8/8
  5829 | D:7      | Noticed a gargoyle
  5835 | D:7      | Killed a gargoyle
  5836 | D:7      | Reached skill level 5 in Fighting
  5840 | D:7      | Noticed a gargoyle
  5844 | D:7      | Killed a gargoyle
  5850 | D:7      | Noticed a gargoyle
  5854 | D:7      | Killed a gargoyle
  6102 | D:7      | Noticed Joseph
  6124 | D:7      | Killed Joseph
  6137 | D:7      | Reached skill level 1 in Dodging
  6476 | D:7      | Reached XP level 10. HP: 86/91 MP: 9/9
  6623 | D:7      | Noticed Maggie
  6630 | D:7      | Killed Maggie
  6631 | D:7      | Reached skill level 5 in Dodging
  7086 | D:8      | Noticed a two-headed ogre
  7092 | D:8      | Killed a two-headed ogre
  7155 | D:8      | Found a shimmering altar of Xom.
  7345 | D:8      | Found a flagged portal.
  7353 | Bailey   | Entered a bailey
  7611 | Bailey   | Found an iron altar of Okawaru.
  7611 | Bailey   | Noticed an orc high priest
  7614 | Bailey   | Noticed a sun demon
  7618 | Bailey   | Noticed a sixfirhy
  7630 | Bailey   | Killed an orc high priest
  7631 | Bailey   | Reached skill level 10 in Dodging
  7996 | D:9      | Found a broken altar of Ashenzari.
  8105 | D:9      | Reached XP level 11. HP: 92/97 MP: 10/10
  8108 | D:9      | Reached skill level 5 in Armour
  8543 | D:9      | Found a hide-covered altar of Uskayaw.
  8544 | D:9      | Found a burning altar of Makhleb.
  8547 | D:9      | Found an ancient bone altar of Kikubaaqudgha.
  8551 | D:9      | Became a worshipper of Makhleb the Destroyer
  9022 | D:10     | Entered Level 10 of the Dungeon
  9234 | D:10     | Reached * piety under Makhleb
  9397 | D:10     | Noticed Erica
  9664 | D:10     | Found Suoloh's Book Shop.
  9814 | D:10     | Killed Erica
  9955 | D:10     | Identified the +2 rapier "Kuwaip" {flame, rPois rN+}
  9959 | D:10     | Noticed a death yak
  9974 | D:10     | Noticed a death yak
  9979 | D:10     | Noticed a death yak
  9980 | D:10     | Killed a death yak
  9993 | D:10     | Killed a death yak
  9994 | D:10     | Reached skill level 10 in Armour
  9999 | D:10     | Killed a death yak
 10015 | D:10     | Found a staircase to the Lair.
 10022 | D:10     | Noticed a two-headed ogre
 10033 | D:10     | Killed a two-headed ogre
 10327 | Lair:1   | Entered Level 1 of the Lair of Beasts
 10435 | Lair:1   | Reached skill level 15 in Axes
 10860 | Lair:1   | Reached XP level 12. HP: 100/104 MP: 11/11
 11555 | Lair:1   | Reached ** piety under Makhleb
 12211 | Lair:2   | Noticed a five-headed hydra
 12222 | Lair:2   | Killed a two-headed hydra
 12646 | Lair:2   | Found a staircase to the Snake Pit.
 13113 | Lair:3   | Noticed a four-headed hydra
 13167 | Lair:3   | Reached *** piety under Makhleb
 13213 | Lair:3   | Killed a one-headed hydra
 13246 | Lair:3   | Reached XP level 13. HP: 108/111 MP: 12/12
 13288 | Lair:3   | Reached **** piety under Makhleb
 13456 | Lair:3   | Found a staircase to the Shoals.
 13523 | Lair:3   | Reached ***** piety under Makhleb
 13715 | Lair:3   | Noticed Urug
 13733 | Lair:3   | Killed Urug
 14344 | Lair:4   | Paralysed by a floating eye for 2 turns
 14352 | Lair:4   | Found a viscous altar of Jiyva.
 14357 | Lair:4   | Found a staircase to the Slime Pits.
 14962 | Lair:5   | Entered Level 5 of the Lair of Beasts
 15117 | Lair:5   | Reached XP level 14. HP: 118/118 MP: 13/13
 16273 | Lair:5   | Identified the +1 helmet of the Weaver {rPois}
 16530 | D:11     | Reached ****** piety under Makhleb
 16858 | D:3      | Bought a manual of Dodging for 880 gold pieces
 18036 | D:12     | Noticed Azrael
 18045 | D:12     | Killed Azrael
 18108 | D:12     | Found a gate leading to a gauntlet.
 18120 | Gauntlet | Entered a Gauntlet
 18120 | Gauntlet | Found a transporter.
 18120 | Gauntlet | Found a transporter.
 18127 | Gauntlet | Found a transporter.
 18139 | Gauntlet | Found a transporter.
 18157 | Gauntlet | Found a transporter.
 18157 | Gauntlet | Found a transporter.
 18160 | Gauntlet | Found a transporter.
 18160 | Gauntlet | Found a transporter.
 18160 | Gauntlet | Found a transporter.
 18168 | Gauntlet | Found a runed translucent door.
 18168 | Gauntlet | Found a runed translucent door.
 18172 | Gauntlet | Found a transporter.
 18190 | Gauntlet | Found a transporter.
 18199 | Gauntlet | Found a runed translucent door.
 18200 | Gauntlet | Found a transporter.
 18200 | Gauntlet | Noticed a balrug
 18201 | Gauntlet | Found a runed translucent door.
 18215 | Gauntlet | Found a transporter.
 18230 | Gauntlet | Found the +18 shield of the Gong {Loud rN+ Will+ rCorr
                  | EV-5}
 18236 | Gauntlet | Found a transporter.
 18321 | Gauntlet | Identified the ring "Jiuvup" {rC+ Will+ Str+5}
 18353 | Gauntlet | Identified the scarf "Udaong" {shadows, rElec Will- Dex+2
                  | SInv}
 18402 | Gauntlet | Killed a balrug
 18408 | Gauntlet | Identified the +0 hat of Sin {Int+6}
 18533 | Gauntlet | Got Imoisyi's Book of the Congregation and Conduction
 18658 | D:12     | Noticed Josephine
 18667 | D:12     | Killed Josephine
 18668 | D:12     | Reached skill level 15 in Dodging
 18992 | D:12     | Found a staircase to the Orcish Mines.
 19106 | D:12     | Reached XP level 15. HP: 124/124 MP: 14/14
 19589 | Orc:1    | Entered Level 1 of the Orcish Mines
 19615 | Orc:1    | Found a bloodstained altar of Trog.
 20104 | Orc:2    | Entered Level 2 of the Orcish Mines
 20108 | Orc:2    | Found Wiriydde's Weapon Boutique.
 20128 | Orc:2    | Reached skill level 1 in Invocations
 20326 | Orc:2    | Found Boqasmo's Gadget Gallery.
 20438 | Orc:2    | Found Ifiwybao's Antique Weapon Shoppe.
 20473 | Orc:2    | Found Voclizot's Antique Armour Emporium.
 20569 | Orc:2    | Found a staircase to the Elven Halls.
 20857 | Orc:2    | Found Rikyepn's Armour Boutique.
 20862 | Orc:2    | Bought the +1 pair of boots "Rootos Qompu" {Regen+ SInv}
                  | for 269 gold pieces
 20862 | Orc:2    | Bought a +2 cloak of willpower for 279 gold pieces
 20984 | Orc:2    | Found Segraipog's Armour Boutique.
 21199 | D:13     | Reached skill level 5 in Invocations
 21443 | D:13     | Found a gate to the Vaults.
 22131 | D:14     | Found a white marble altar of Elyvilon.
 22577 | D:15     | Entered Level 15 of the Dungeon
 22647 | D:15     | Reached skill level 10 in Invocations
 23172 | D:15     | Reached XP level 16. HP: 115/132 MP: 23/23
 23236 | D:15     | Found a staircase to the Depths.
 23448 | Shoals:1 | Entered Level 1 of the Shoals
 23768 | Shoals:1 | Noticed Frances
 23778 | Shoals:1 | Killed Frances
 24017 | Shoals:1 | Found Lancelot's Dragon-Slaying Spoils.
 24245 | Shoals:2 | Noticed a kraken
 24255 | Shoals:2 | Killed a kraken
 24576 | Shoals:2 | Found a runed translucent door.
 24577 | Shoals:2 | Found a shimmering altar of Xom.
 24577 | Shoals:2 | Noticed Mungiw's ghost (adept MiBe)
 25161 | Shoals:3 | Identified a scroll of acquirement
 25162 | Shoals:3 | Acquired a +3 vampiric broad axe
 25910 | Shoals:4 | Entered Level 4 of the Shoals
 26028 | Shoals:4 | Reached skill level 15 in Armour
 26068 | Shoals:4 | Identified the +9 quarterstaff of the Futuristic God
                  | {freeze, rElec}
 26441 | Shoals:4 | Reached XP level 17. HP: 97/137 MP: 24/24
 26482 | Shoals:4 | Got a barnacled rune of Zot
 26603 | Shoals:4 | Identified the ring of Cuawie {Drain rPois Str+7 Int-5
                  | Dex+4}
 26994 | Snake:1  | Entered Level 1 of the Snake Pit
 27238 | Snake:1  | Reached skill level 10 in Fighting
 27738 | Snake:2  | Found a frozen archway.
 27786 | IceCv    | Entered an ice cave
 28069 | Snake:2  | Noticed Vashnia
 28205 | Snake:2  | Killed Vashnia
 29074 | Orc:2    | Bought the +0 crystal plate armour of the Arcane {rElec
                  | Str+7} for 1485 gold pieces
 29307 | Snake:3  | Found Miynicw's Firing Range.
 30226 | Orc:2    | Bought a glowing cloak for 232 gold pieces
 30464 | Snake:4  | Entered Level 4 of the Snake Pit
 30983 | Snake:4  | Reached XP level 18. HP: 156/157 MP: 19/25
 31808 | Snake:4  | Got a serpentine rune of Zot
 32213 | Elf:1    | Entered Level 1 of the Elven Halls
 32466 | Elf:1    | Noticed Onnujuk's ghost (veteran MiBe)
 32647 | Elf:1    | Found a runed translucent gate.
 32648 | Elf:1    | Found a runed translucent gate.
 32648 | Elf:1    | Found a runed translucent gate.
 33019 | Elf:2    | Paralysed by an air elemental for 1 turns
 33094 | Elf:2    | Acquired the -1 hat of Houmnunt {rElec Regen+}
 33480 | Snake:4  | Acquired 1077 gold pieces
 33776 | Orc:2    | Bought a glowing cloak for 232 gold pieces
 33888 | Elf:2    | Noticed Jorgrun
 33905 | Elf:2    | Killed Jorgrun
 34087 | Elf:2    | Found a large runed translucent door.
 34088 | Elf:2    | Found a large runed translucent door.
 34091 | Elf:2    | Found a large runed translucent door.
 34092 | Elf:2    | Found a large runed translucent door.
 34110 | Elf:2    | Reached skill level 27 in Axes
 34396 | Elf:2    | Paralysed by an air elemental for 1 turns
 34424 | Elf:2    | Found Seoseina's Weapon Boutique.
 34632 | Elf:3    | Entered Level 3 of the Elven Halls
 34713 | Elf:3    | Reached XP level 19. HP: 167/168 MP: 26/26
 34865 | Elf:3    | Reached skill level 15 in Fighting
 34875 | Elf:3    | Found Zybbaeg's General Store.
 34881 | Elf:3    | Bought a scroll of blinking for 97 gold pieces
 34887 | Elf:3    | Found Xakhlyfi's Armour Boutique.
 35834 | Elf:3    | Found the +8 Vampire's Tooth {megavamp}
 35843 | Elf:3    | Identified the +0 pair of gloves of Skepticism {Dex+2}
 35937 | Elf:3    | Found the +7 captain's cutlass {speed, disarm}
 35982 | Elf:3    | Identified the +7 halberd "Ban Reiq" {freeze, rElec rCorr}
 35986 | Elf:3    | Identified the +0 helmet of Innob {-Cast rN+ Str+2}
 35991 | Elf:3    | Identified the ring of Scepticism {Drain rElec rC+++ rCorr
                  | Int+3}
 36010 | Elf:3    | Identified the +2 scale mail of the Eight Songs {Harm rC+++
                  | rCorr Stlth-}
 36016 | Elf:3    | Identified the ring "Ixzaor" {MP+9 Slay+4}
 36027 | Elf:3    | Identified the staff of death "Vyvuogran" {rN+ Str+4 Int+3}
 36106 | Elf:3    | Identified the +5 orcbow of Insufficient Pleasure {heavy,
                  | rF+}
 36367 | Vaults:1 | Entered Level 1 of the Vaults
 36582 | Vaults:1 | Noticed Nikola
 36601 | Vaults:1 | Killed Nikola
 36644 | Vaults:1 | Noticed Zenata
 36667 | Vaults:1 | Killed Zenata
 36987 | Vaults:1 | Noticed Aizul
 36995 | Vaults:1 | Killed Aizul
 37333 | Vaults:1 | Reached XP level 20. HP: 182/187 MP: 27/27
 37657 | Vaults:2 | Identified the +1 robe "Figus" {Rampage rF- rCorr Stlth+}
 37692 | Vaults:2 | Found Enewnoop's Book Shop.
 37830 | Vaults:2 | Found a transporter.
 37875 | Vaults:2 | Found a transporter.
 37877 | Vaults:2 | Found the amulet of Vitality {RegenMP++ Regen++}
 38027 | Vaults:2 | Identified the +5 scale mail of Elyvilon's Pride {Rampage
                  | +Blink rPois Stlth-}
 38147 | Vaults:2 | Found a runed translucent door.
 38147 | Vaults:2 | Noticed Woitib's ghost (adept GrFE)
 38158 | Vaults:2 | Killed Woitib's ghost
 39192 | Vaults:3 | Found a staircase to the Crypt.
 39192 | Vaults:3 | Found a basalt altar of Yredelemnul.
 39192 | Vaults:3 | Found an ancient bone altar of Kikubaaqudgha.
 39296 | Vaults:3 | Found Vaczyleu's Magic Scroll Shop.
 39585 | Vaults:4 | Found a crumbling gateway.
 39605 | Desolati | Entered the Desolation of Salt
 39663 | Desolati | Identified the +0 robe of the Kraken {rElec rC+}
 39760 | Desolati | Identified the amulet of Xom's Indignation {RegenMP Stlth+}
 39814 | Desolati | Identified the +4 long sword "Emaacyon" {speed, *Rage
                  | Str+5}
 39879 | Desolati | Identified the +2 broad axe of Conformity {drain, rC+
                  | Int+4}
 39931 | Desolati | Reached XP level 21. HP: 193/195 MP: 28/28
 40105 | Desolati | Identified the +1 robe of the Evil One {Contam Str+3}
 40148 | Desolati | Identified the +11 glaive "Guvopn" {flame, rElec}
 41523 | Vaults:5 | Entered Level 5 of the Vaults
 41657 | Vaults:5 | Got the Lessons on Scintillating Virulence
 41662 | Vaults:5 | Identified the +4 falchion "Rofess" {heavy, rElec rC+ rN+}
 41836 | Vaults:5 | Reached XP level 22. HP: 181/215 MP: 29/29
 41909 | Vaults:5 | Identified the +3 quarterstaff "Focio" {elec, Str+3}
 41993 | Vaults:5 | Got a silver rune of Zot
 42033 | Vaults:5 | Identified the staff of conjuration "Suzxaepy" {MP+9 Int+6}
 42091 | Vaults:5 | Identified the +1 leather armour of Rotation {rF+ rC-
                  | Will++}
 42095 | Vaults:5 | Found Ykuom's Magic Scroll Shop.
 42100 | Vaults:5 | Identified the amulet of the Mutiny {Faith rElec rN+ Int-5}
 42124 | Vaults:5 | Bought a scroll of magic mapping for 157 gold pieces
 42124 | Vaults:5 | Bought a scroll of teleportation for 63 gold pieces
 42124 | Vaults:5 | Bought a scroll of fear for 84 gold pieces
 42141 | Vaults:5 | Identified the +10 long sword "Xaerghoi" {drain, *Rage rF+
                  | Will+}
 42156 | Vaults:5 | Identified the +1 robe "Tima" {rPois Int+3}
 42167 | Vaults:5 | Identified the +1 ring mail of Fortitude {*Slow rPois
                  | Dex+2}
 42172 | Vaults:5 | Identified the +11 war axe of Tiucluill {heavy, rElec rCorr
                  | Str-4 SInv}
 42175 | Vaults:5 | Identified the +5 spear of Ohiwes {heavy, rPois Will+
                  | Stlth+}
 42298 | Vaults:5 | Identified the ring "Cuytiokk" {Drain rPois rCorr SInv}
 42673 | Vaults:5 | Noticed a golden dragon
 42678 | Vaults:5 | Killed a golden dragon
 42872 | Vaults:5 | Got the Monograph on the Familiar Volley
 42930 | Vaults:5 | Identified the +6 scale mail "Fohoet" {rPois Str+3}
 43006 | Vaults:5 | Identified the +2 plate armour of Greater Demons {*Corrode
                  | rC- Will+++ SInv}
 43101 | Vaults:5 | Found the +8 whip "Snakebite" {venom, curare, rPois}
 43710 | Shoals:2 | Killed Mungiw's ghost
 44454 | Elf:1    | Killed Onnujuk's ghost
 44971 | Vaults:2 | Identified the ring of Hefehen {rF+ rC+ Will++}
 45006 | Vaults:2 | Identified the amulet of Doubts {Acrobat rN+ rCorr Str+4
                  | Dex-5 SInv}
 45475 | Crypt:1  | Entered Level 1 of the Crypt
 45482 | Crypt:1  | Noticed Donald
 45498 | Crypt:1  | Killed Donald
 45533 | Crypt:1  | Identified the ring of the Red God {Str+4 Int+6}
 46455 | Crypt:2  | Reached skill level 27 in Fighting
 46841 | Crypt:3  | Entered Level 3 of the Crypt
 46885 | Crypt:3  | Reached XP level 23. HP: 123/240 MP: 30/30
 47015 | Crypt:3  | Noticed Bai Suzhen
 47022 | Crypt:3  | Killed Bai Suzhen
 47259 | Crypt:3  | Identified the staff of fire "Puogig" {rF+ Str+2 Dex+3}
 47331 | Crypt:3  | Found a staircase to the Tomb.
 47515 | Crypt:3  | Identified the ring "Wecvefas" {rF+++ rN+ Will- Str+3
                  | Dex+4}
 47515 | Crypt:3  | Identified the ring of Freedom {rN+ Dex+5}
 47653 | Crypt:3  | Identified the +0 war axe of Sacsaloc {holy, +Blink Str+3}
 47983 | Crypt:3  | Found an ancient bone altar of Kikubaaqudgha.
 47995 | Crypt:3  | Noticed a dread lich
 48002 | Crypt:3  | Killed a dread lich
 48027 | Crypt:3  | Noticed a dread lich
 48033 | Crypt:3  | Killed a dread lich
 48599 | Elf:3    | Bought a scroll of teleportation for 39 gold pieces
 48599 | Elf:3    | Bought 2 potions of attraction for 78 gold pieces
 48898 | Vaults:3 | Bought a scroll of magic mapping for 142 gold pieces
 48898 | Vaults:3 | Bought a scroll of teleportation for 57 gold pieces
 48898 | Vaults:3 | Bought a scroll of teleportation for 57 gold pieces
 48898 | Vaults:3 | Bought a scroll of teleportation for 57 gold pieces
 48900 | Vaults:3 | Bought a scroll of enchant armour for 142 gold pieces
 49205 | Depths:1 | Entered Level 1 of the Depths
 49215 | Depths:1 | Found a gateway to Hell.
 49287 | Depths:1 | Found a corrupted altar of Lugonu.
 49288 | Depths:1 | Found a one-way gate to the infinite horrors of the Abyss.
 49593 | Depths:1 | Found a runed translucent gate.
 49594 | Depths:1 | Found a runed translucent gate.
 49595 | Depths:1 | Found a runed translucent gate.
 49597 | Depths:1 | Noticed Paif's ghost (veteran DjCj)
 50101 | Depths:1 | Gained mutation: Your body sometimes deteriorates upon
                  | taking damage. [mutagenic glow]
 50120 | Depths:1 | Gained mutation: You are vulnerable to heat. (rF-)
                  | [mutagenic glow]
 50121 | Depths:1 | Killed Paif's ghost
 50150 | Depths:1 | Identified the +0 cloak "Vapuph" {Int+2}
 50153 | Depths:1 | Identified the ring "Oczich" {rElec rCorr Str+6}
 50157 | Depths:1 | Lost mutation: Your body sometimes deteriorates upon taking
                  | damage. [potion of mutation]
 50157 | Depths:1 | Lost mutation: You are vulnerable to heat. (rF-) [potion of
                  | mutation]
 50157 | Depths:1 | Gained mutation: You occasionally lose the ability to read
                  | scrolls when taking damage. [potion of mutation]
 50157 | Depths:1 | Gained mutation: Armour fits poorly on your strangely
                  | shaped body. [potion of mutation]
 50157 | Depths:1 | Gained mutation: You occasionally shout uncontrollably at
                  | your foes. [potion of mutation]
 50158 | Depths:1 | Lost mutation: Armour fits poorly on your strangely shaped
                  | body. [potion of mutation]
 50158 | Depths:1 | Lost mutation: You occasionally shout uncontrollably at
                  | your foes. [potion of mutation]
 50158 | Depths:1 | Lost mutation: You occasionally lose the ability to read
                  | scrolls when taking damage. [potion of mutation]
 50158 | Depths:1 | Gained mutation: You are agile. (Dex +4, Str/Int -1)
                  | [potion of mutation]
 50158 | Depths:1 | Gained mutation: You expend magic power (3 MP) to
                  | strengthen your wands. [potion of mutation]
 50158 | Depths:1 | Gained mutation: Your natural rate of healing is unusually
                  | fast. [potion of mutation]
 50316 | Depths:2 | Noticed a shard shrike
 50316 | Depths:2 | Noticed a shard shrike
 50317 | Depths:2 | Noticed a shard shrike
 50317 | Depths:2 | Noticed a shard shrike
 50327 | Depths:2 | Killed a shard shrike
 50329 | Depths:2 | Killed a shard shrike
 50333 | Depths:2 | Killed a shard shrike
 50334 | Depths:2 | Killed a shard shrike
 50373 | Depths:2 | Got the +7 battleaxe "Gudip" {freeze, *Noise rElec rPois
                  | Will+}
 50406 | Depths:2 | Gained mutation: You are dopey. (Int -2) [a cacodemon]
 50410 | Depths:2 | Gained mutation: You sometimes lose your temper in combat.
                  | [a cacodemon]
 50411 | Depths:2 | Reached XP level 24. HP: 249/249 MP: 30/30
 50457 | Depths:2 | Found a one-way gate leading to the halls of Pandemonium.
 50836 | Depths:2 | Found Luip's Jewellery Shop.
 50838 | Depths:2 | Found Seun's Book Boutique.
 50840 | Depths:2 | Found Qagubbyi's Antique Armour Shop.
 51086 | Depths:3 | Found a one-way gateway to a ziggurat.
 51144 | Zig:1    | Entered Level 1 of a ziggurat
 51158 | Zig:2    | Entered Level 2 of a ziggurat
 51164 | Zig:2    | Reached skill level 27 in Armour
 51205 | Zig:3    | Entered Level 3 of a ziggurat
 51225 | Zig:4    | Entered Level 4 of a ziggurat
 51249 | Zig:4    | Identified the +9 mace "Apeorph" {heavy, Dex+3}
 51255 | Zig:4    | Identified the +8 dagger "Omelette" {drain, rF++ rC-}
 51260 | Zig:5    | Entered Level 5 of a ziggurat
 51275 | Zig:5    | Identified the +2 plate armour "Xorghuca" {+Inv}
 51307 | Zig:6    | Entered Level 6 of a ziggurat
 51344 | Zig:7    | Entered Level 7 of a ziggurat
 51373 | Zig:7    | Got Gogi's Further Progress in Spellcasting
 51386 | Zig:8    | Entered Level 8 of a ziggurat
 51390 | Zig:8    | Noticed an ancient lich
 51400 | Zig:8    | Killed an ancient lich
 51432 | Zig:8    | Lost mutation: You are dopey. (Int -2) [potion of mutation]
 51432 | Zig:8    | Lost mutation: You are agile. (Dex +4, Str/Int -1) [potion
                  | of mutation]
 51432 | Zig:8    | Lost mutation: You expend magic power (3 MP) to strengthen
                  | your wands. [potion of mutation]
 51432 | Zig:8    | Gained mutation: You are covered in fur. (AC +1) [potion of
                  | mutation]
 51432 | Zig:8    | Gained mutation: Your skin changes colour to match your
                  | surroundings (Stealth+). [potion of mutation]
 51433 | Zig:8    | Lost mutation: Your skin changes colour to match your
                  | surroundings (Stealth+). [potion of mutation]
 51433 | Zig:8    | Lost mutation: Your natural rate of healing is unusually
                  | fast. [potion of mutation]
 51433 | Zig:8    | Lost mutation: You are covered in fur. (AC +1) [potion of
                  | mutation]
 51433 | Zig:8    | Gained mutation: Your body sometimes deteriorates upon
                  | taking damage. [potion of mutation]
 51433 | Zig:8    | Gained mutation: You occasionally lose the ability to drink
                  | potions when taking damage. [potion of mutation]
 51433 | Zig:8    | Gained mutation: You have an increased reservoir of magic.
                  | (+10% MP) [potion of mutation]
 51434 | Zig:8    | Lost mutation: Your body sometimes deteriorates upon taking
                  | damage. [potion of mutation]
 51434 | Zig:8    | Lost mutation: You occasionally lose the ability to drink
                  | potions when taking damage. [potion of mutation]
 51434 | Zig:8    | Lost mutation: You sometimes lose your temper in combat.
                  | [potion of mutation]
 51457 | Zig:8    | Learned a level 1 spell: Apportation
 51458 | Zig:9    | Entered Level 9 of a ziggurat
 51466 | Zig:9    | Noticed a royal mummy
 51479 | Zig:9    | Killed a royal mummy
 51515 | Zig:9    | Reached XP level 25. HP: 255/255 MP: 33/33
 51529 | Zig:9    | Identified the +3 scale mail "Tuil Dod" {rPois rC- rN++
                  | Str+2}
 51531 | Zig:9    | Identified the +0 robe of Shadows and Fog {Harm *Slow rCorr
                  | Str+2}
 51535 | Zig:10   | Entered Level 10 of a ziggurat
 51564 | Zig:10   | Got the Thoughts on Beguiling
 51567 | Zig:10   | Identified the staff of cold "Uwajuas" {rPois rC+ Int+2
                  | Dex+4}
 51582 | Zig:10   | Identified the +6 scimitar "Globulus" {freeze, rF++ rC-
                  | Str+3 SInv}
 51608 | Zig:11   | Entered Level 11 of a ziggurat
 51623 | Zig:11   | Found the +8 frozen axe "Frostbite" {freeze, freezing
                  | cloud, *Noise Fly rC+}
 51649 | Zig:11   | Identified the +0 leather armour "Lyocet" {rF+ Str+3 Dex+3}
 51658 | Zig:11   | Identified the +11 hand axe of Vucumiab {antimagic, rPois
                  | Will+ Int-4 Dex+3}
 51676 | Zig:12   | Entered Level 12 of a ziggurat
 51743 | Zig:12   | Identified the staff of death "Mubigi" {rElec rF+ rN+ Str-4
                  | Stlth+}
 51748 | Zig:12   | Got the Opusculum on Conjury and Evil Magic
 51749 | Zig:12   | Identified the staff of air "Jueh" {rElec rN++ Int+4}
 51759 | Zig:13   | Entered Level 13 of a ziggurat
 51817 | Zig:13   | Identified the +2 helmet of Pan-Flutes {Rampage *Slow rCorr
                  | Int+8}
 51821 | Zig:13   | Reached XP level 26. HP: 266/266 MP: 33/33
 51826 | Zig:13   | Identified the +0 orcbow of Taxation {flame, Dex+6}
 51828 | Zig:13   | Identified the +6 long sword "Noixtosmi" {drain, rElec
                  | Dex+4}
 51849 | Zig:14   | Entered Level 14 of a ziggurat
 51886 | Zig:14   | Reached XP level 27. HP: 218/271 MP: 33/33
 51912 | Zig:14   | Acquired the ring "Lisy" {rF+ rC+ Str+8 Int-3 Dex+3}
 51926 | Zig:14   | Identified the ring of Naqylo {MP+9 Dex+4}
 51931 | Zig:14   | Identified the +2 sling of Qicioraa {speed, +Blink Str+3
                  | Int+5}
 51942 | Zig:15   | Entered Level 15 of a ziggurat
 51954 | Zig:15   | Noticed a juggernaut
 51971 | Zig:15   | Killed a juggernaut
 52008 | Zig:15   | Identified the +3 orcbow of the Sky {flame, Str+2}
 52009 | Zig:15   | Identified the ring of Waon {Fire +Blink Dex+3}
 52016 | Zig:15   | Reached skill level 27 in Dodging
 52132 | Depths:3 | Reached skill level 5 in Evocations
 52240 | Depths:3 | Noticed Louise
 52245 | Depths:3 | Killed Louise
 52830 | Depths:3 | Noticed a royal mummy
 53068 | Depths:3 | Killed a royal mummy
 53108 | Depths:3 | Identified the amulet "Ypsimip" {rN+ Regen+ Int+2}
 53263 | Depths:4 | Entered Level 4 of the Depths
 53263 | Depths:4 | Noticed Mennas
 53277 | Depths:4 | Killed Mennas
 53365 | Depths:4 | Found a flickering gateway to a bazaar.
 53374 | Bazaar   | Entered a bazaar
 53389 | Bazaar   | Found Wycoggid's Assorted Antiques.
 53389 | Bazaar   | Found Hiwkyz's Book Emporium.
 53400 | Bazaar   | Bought a steaming zirconium amulet for 190 gold pieces
 53400 | Bazaar   | Identified the amulet of the Iron Devil {Reflect rC- Will+
                  | Regen+ SH+5} (You bought it in a shop in a bazaar)
 53411 | Bazaar   | Found Upuhivoq's Assorted Antiques.
 53411 | Bazaar   | Found Hemorecw's Weapon Emporium.
 53422 | Bazaar   | Bought a scroll of immolation for 136 gold pieces
 53422 | Bazaar   | Bought a scroll of fear for 136 gold pieces
 53562 | Depths:4 | Reached skill level 10 in Evocations
 53593 | Depths:4 | Found a runed translucent door.
 53593 | Depths:4 | Noticed Cagrigri's ghost (adept TrMo)
 53593 | Depths:4 | Found the amulet of the Four Winds {rN+ Will+++ Clar}
 53596 | Depths:4 | Noticed Jory
 53605 | Depths:4 | Killed Jory
 53723 | Depths:4 | Identified the +4 leather armour of the Crypt {Contam rN+
                  | Str+2}
 53747 | Depths:4 | Found a gate to the Realm of Zot.
 53756 | Zot:1    | Entered Level 1 of the Realm of Zot
 54102 | Zot:1    | Found the +4 dragonskin cloak
 54102 | Zot:1    | Noticed Tiamat
 54132 | Zot:1    | Killed Tiamat
 54194 | Zot:1    | Reached skill level 15 in Evocations
 54256 | Zot:1    | Identified the staff of air "Waqahufa" {rElec rPois}
 54279 | Zot:1    | Identified the ring of Spite {rC- EV+5 Int+4 SInv}
 54916 | Zot:4    | Reached skill level 15 in Invocations
 54976 | Zot:4    | Found a transporter.
 54982 | Zot:4    | Found a transporter.
 55087 | Zot:5    | Entered Level 5 of the Realm of Zot
 55613 | Zot:5    | Noticed a dread lich
 55630 | Zot:5    | Killed a dread lich
 55645 | Zot:5    | Noticed an ancient lich
 55646 | Zot:5    | Noticed an orb of fire
 55647 | Zot:5    | Noticed an orb of fire
 55650 | Zot:5    | Noticed an ancient lich
 55662 | Zot:5    | Noticed a dread lich
 55664 | Zot:5    | Noticed a dread lich
 55673 | Zot:5    | Killed an orb of fire
 55674 | Zot:5    | Noticed an orb of fire
 55675 | Zot:5    | Gained mutation: Your body sometimes deteriorates upon
                  | taking damage. [an orb of fire]
 55680 | Zot:5    | Killed an orb of fire
 55686 | Zot:5    | Killed an ancient lich
 55691 | Zot:5    | Killed a dread lich
 55693 | Zot:5    | Noticed a dread lich
 55694 | Zot:5    | Killed an ancient lich
 55700 | Zot:5    | Killed an orb of fire
 55715 | Zot:5    | Killed a dread lich
 55719 | Zot:5    | Killed a dread lich
 55791 | Zot:5    | Lost mutation: You have an increased reservoir of magic.
                  | (+10% MP) [potion of mutation]
 55791 | Zot:5    | Lost mutation: Your body sometimes deteriorates upon taking
                  | damage. [potion of mutation]
 55791 | Zot:5    | Gained mutation: You expend magic power (3 MP) to
                  | strengthen your wands. [potion of mutation]
 55791 | Zot:5    | Gained mutation: Your spells are a little harder to cast,
                  | but a little more powerful. [potion of mutation]
 55817 | Zot:5    | Got the Orb of Zot
 55836 | Zot:4    | Noticed a seraph
 56012 | Depths:4 | Noticed Zeetz the pandemonium lord
 56024 | Depths:4 | Noticed Voloc the pandemonium lord
 56025 | Depths:4 | Killed Zeetz the pandemonium lord
 56048 | Depths:4 | Killed Voloc the pandemonium lord
 56166 | D:14     | Noticed Koqugavya the pandemonium lord
 56519 | D:2      | Noticed Zifemun the pandemonium lord
 56542 | D:2      | Killed Zifemun the pandemonium lord
 56605 | D:$      | Escaped with the Orb!

Illustrated notes

Levels and vault maps discovered:
D:1:      eino_arrival_cavern_d, layout_rooms
D:2:      layout_loops_ring, minmay_strange_pillars
D:3:      layout_basic, serial_corexii_hall, corexii_hall_statues_l,
          corexii_hall_statues_i, portal_sewer_entry_e, serial_shops, shop,
          shop, hellmonk_ecumenical_altar_arch_garden
D:4:      corexii_shack_village, layout_basic, kennysheep_mini,
          grunt_nemelex_the_gamble
D:5:      layout_loops_corners, temple_green, grunt_ministairs_13,
          uniq_blork_the_orc
D:6:      layout_basic, trog_ov_bears_minmay, nicolae_ossuary_entry_monument
D:7:      cheibrodos_statue_roulette, layout_basic, uniq_maggie, uniq_joseph
D:8:      layout_rooms, tgw_xom, serial_co_window_serial, co_window_paths_a,
          co_window_paths_a, co_window_corner_a, co_window_corner_a,
          co_window_of_opportunity_a, co_window_2corner, co_window_corner_cb,
          co_window_cross_3, glass_columns_a, glass_columns_c, glass_columns_a,
          enter_bailey_2
D:9:      layout_stronghold, minitemple, mainiacjoe_overflow_boulevard,
          grunt_livestock, minivault_26
D:10:     layout_basic, dpeg_lair_monsters, serial_shops,
          nicolae_shop_rolling_square, uniq_erica
D:11:     layout_roguey
D:12:     layout_small_grid, erik_orc_2, gauntlet_entry_generic, minivault_16,
          uniq_josephine, uniq_azrael
D:13:     layout_loops_ring, skrybe_vaults_entry_preservation
D:14:     layout_basic, minivault_14, elyvilon_altar_5
D:15:     gammafunk_enter_depths_forms, layout_rooms, nrook_pool_corridor
Temple:   nicolae_temple_two_arcs
Lair:1:   layout_concentric_octagons, nicolae_lair_grove_arrangements,
          beast_lair_carwin_5
Lair:2:   layout_loops_ring, minmay_snake_entry_six_corridors, serial_rivers,
          chequers_serial_rivers_large_a, chequers_serial_rivers_room_a,
          chequers_serial_rivers_micro_e, chequers_serial_rivers_small_3,
          chequers_serial_rivers_micro_d, special_room [special_room_bee]
Lair:3:   hangedman_what_comes_after_a, layout_hall_layers,
          nicolae_shoals_entry_roost, uniq_urug
Lair:4:   layout_loops_ring, minmay_slime_entry_eyes
Lair:5:   hangedman_lair_in_review, layout_regular_city,
          guppyfry_lair_end_dragon, lemuel_fruit_tree
Shoals:1: layout_shoals, nicolae_shop_dragon_depot, uniq_frances
Shoals:2: layout_shoals, ebering_ghost_xom,
          nicolae_shoals_water_elemental_grotto
Shoals:3: layout_shoals, nicolae_shoals_spring_well_temple
Shoals:4: shoals_end_grunt_ice, layout_shoals, nicolae_shoals_elemental_ambush
Snake:1:  layout_misc_corridors, drop_trap
Snake:2:  layout_gridlike, portal_ice_cave_entry_ice_simulacra, uniq_vashnia
Snake:3:  layout_cave_town, nicolae_shop_firing_range, grunt_megastairs_3
Snake:4:  snake_pit, layout_layer_cave, serial_bayou, serial_bayou_lagoon_a,
          serial_bayou_lagoon_b, serial_bayou_shore_b
Orc:1:    layout_diamond_mine, basic_altar, guppyfry_library_mini
Orc:2:    grunt_orc_community_town_hall, layout_caves,
          grunt_orc_community_big_house_1, grunt_orc_community_big_house_2,
          grunt_orc_community_house_3, grunt_orc_community_house_2,
          grunt_orc_community_house_1, grunt_orc_community_house_3,
          serial_shops, shop, nicolae_shop_gadgets
Elf:1:    eino_elf_arrival_customs, layout_loops_ring, gammafunk_ghost_split,
          evilmike_minifort
Elf:2:    elven_hall_of_blades_hangedman_alternative
          [nicolae_blade_entry_splitting_headache], layout_loops_cross,
          serial_shops, nicolae_shop_rolling_square, uniq_jorgrun
Elf:3:    elf_hall, layout_onion_city, serial_shops, shop,
          nicolae_shop_temple_entry_statues_fountains
Vaults:1: v_misc_26, nicolae_vaults_little_ls, v_misc_2,
          nicolae_vaults_stepped_doors, nicolae_vaults_hallways_thing,
          ontoclasm_vaults_gallery, nicolae_vaults_storage_closets_3,
          vaults_standard_mumra_lines, vaults_dpeg_spiral,
          nicolae_vaults_alarming, layout_vaults_maze, uniq_aizul, uniq_zenata,
          uniq_nikola
Vaults:2: hellmonk_ghost_happy_afterlife, ontoclasm_vaults_loading_screen,
          gammafunk_dig_for_victory, nicolae_vaults_shrinking_rooms_1,
          v_misc_27, vaults_room_pools, nicolae_vaults_house_2,
          nicolae_vaults_sightless_eye, layout_vaults_chaotic_city,
          serial_shops, nicolae_lakefront_shop
Vaults:3: nicolae_vaults_theta, nicolae_vaults_surprise_closet,
          nicolae_vaults_border_crossing, nicolae_vaults_bisected_exclaves,
          v_pattern_3, minmay_crypt_entry_necro_gods, hangedman_vaults_capsules,
          nicolae_vaults_storage_room_statues, nicolae_vaults_mini_display_case,
          vaults_room_ringed_pool, nicolae_vaults_house_1, layout_vaults_ring,
          serial_shops, nicolae_shop_window_shopping
Vaults:4: portal_desolation_entry_twin_temple, nicolae_vaults_diamond_2,
          nicolae_vaults_door_testing_chamber, nicolae_vaults_specimen_jars,
          nicolae_vaults_storage_closets_2, dpeg_vaults_monster_box,
          hangedman_vaults_maws, nicolae_vaults_tetromino_L_1,
          nicolae_vaults_closet_pinwheel_2, grunt_vaults_hallway_long,
          vaults_dpeg_ring, layout_vaults_omnigrid
Vaults:5
Crypt:1:  layout_basic, uniq_donald
Crypt:2:  layout_basic, minivault_23, hex_large
Crypt:3:  quadcrypt_mu, uniq_bai_suzhen
Depths:1: layout_small_grid, gammafunk_ghost_tricky_traps,
          roderic_lattice_octagonal_star, pf_hell_entry_tar_river,
          abyss_entry_flame_altar, minmay_splitting_lines,
          kennysheep_generic_room_10
Depths:2: minmay_coctagon, layout_gridlike, serial_rivers,
          chequers_serial_rivers_micro_e, chequers_serial_rivers_marsh,
          chequers_serial_rivers_marsh, chequers_serial_rivers_marsh,
          chequers_serial_rivers_marsh, grunt_pan_entry_zigzag, hell_entry,
          infiniplex_staircase_zigzag_5, minmay_shop_star
Depths:3: lemuel_minitomb, layout_honeycomb, enter_ziggurat_d, hell_entry,
          minmay_misc_feat_nine_boxes, nicolae_abyss_entry_one_way_or_another,
          serial_sigils, serial_sigils_hangedman_confine,
          serial_sigils_hangedman_snap, serial_sigils_hangedman_snap,
          serial_sigils_hangedman_writhe, serial_sigils_hangedman_scratch
Depths:4: grunt_x_marks_the_spot, layout_basic, serial_shops, freezing_bzr,
          gammafunk_ghost_grave, pf_coc_iceberg, zin_treasury, uniq_mennas,
          uniq_jory
Zot:1:    cheibrodos_zot_enchanting_chambers, layout_misc_corridors,
          grunt_megastairs_4, uniq_tiamat
Zot:2:    layout_twisted_circle
Zot:3:    kennysheep_six_static_rooms, layout_misc_corridors
Zot:4:    layout_basic, nicolae_transporter_intersection, grunt_megastairs_5
Zot:5:    layout_concentric_octagons

Skill      XL: |  1  2  3  4  5  6  7  8  9 10 11 12 13 14 15 16 17 18 19 20 21 22 23 24 25 26 27 |
---------------+----------------------------------------------------------------------------------+-----
Axes           | 3 4 5 6 7 9 11 14 15 19 22 24 25 27 | 27.0
Fighting       | 9 13 14 18 23 27 | 27.0
Dodging        | 3 10 15 16 17 21 23 25 27 | 27.0
Armour         | 4 10 11 15 16 19 21 26 27 | 27.0
Invocations    | 11 21 | 21.3
Evocations     | 15 | 15.0
Shields        | |  3.6

Action                     |  1- 3 |  4- 6 |  7- 9 | 10-12 | 13-15 | 16-18 | 19-21 | 22-24 | 25-27 || total
---------------------------+-------+-------+-------+-------+-------+-------+-------+-------+-------++-------
  Melee: War axe           |    78 |    37 |       |       |       |       |       |       |       ||   115
         Headbutt          |    14 |    22 |    41 |   122 |   220 |   267 |   265 |   303 |   382 ||  1636
         Hand axe          |       |    82 |   259 |   511 |    11 |       |       |       |       ||   863
         Battleaxe         |       |       |       |    81 |   867 |   963 |   863 |   891 |   828 ||  4493
         Broad axe         |       |       |       |       |       |    11 |       |       |       ||    11
         Executioner's axe |       |       |       |       |       |       |       |       |   157 ||   157
 Invoke: Greater Servant o |       |       |       |       |       |     2 |       |       |     2 ||     4
         Major Destruction |       |       |       |       |       |       |       |       |     1 ||     1
  Evoke: Wand              |       |       |     1 |    24 |     9 |     4 |       |     7 |     3 ||    48
    Use: Scroll            |       |    12 |     2 |    10 |     8 |    14 |     6 |     9 |    15 ||    76
         Potion            |       |     1 |     4 |     9 |     7 |     7 |     2 |     7 |     9 ||    46
   Stab: Invisible         |       |       |       |     2 |     2 |     7 |       |       |       ||    11
         Distracted        |       |       |       |     1 |    22 |    24 |    31 |    34 |    29 ||   141
         Petrified         |       |       |       |       |       |       |       |       |    13 ||    13
         Petrifying        |       |       |       |       |       |       |       |       |     3 ||     3
         Confused          |       |       |       |       |       |       |       |       |     1 ||     1
 Armour: Scale mail        |    37 |    15 |       |       |       |       |       |       |       ||    52
         Ring mail         |       |    21 |    39 |   131 |   126 |   106 |       |       |       ||   423
         Skin              |       |       |       |    60 |       |       |       |    25 |       ||    85
         Crystal plate arm |       |       |       |       |       |   143 |   232 |   271 |   512 ||  1158
  Dodge: Dodged            |    47 |    62 |   138 |   414 |   612 |   728 |   478 |   524 |  1169 ||  4172
  Block: Buckler           |    14 |    34 |    38 |   105 |       |       |       |       |       ||   191
         Other             |       |       |       |       |       |     9 |   118 |    17 |       ||   144
         Reflection        |       |       |       |       |       |       |    18 |       |       ||    18

Table legend: (Time is in decaauts)
 A = Elapsed time spent in this place.
 B = Non-inter-level travel time spent in this place.
 C = Inter-level travel time spent in this place.
 D = Time resting spent in this place.
 E = Time spent auto-exploring this place.
 F = Levels seen in this place.
 G = Mean time per level.
                   A        B        C        D        E       F      G
               +--------+--------+--------+--------+--------+-----+--------+
         Total |  55359 |  47188 |   8171 |   3251 |  29850 |  72 |  768.9 |
       Dungeon |  16664 |  13457 |   3207 |   1110 |   9387 |  15 | 1110.9 |
        Temple |    116 |    107 |      9 |      0 |     86 |   1 |  116.0 |
          Lair |   6708 |   5664 |   1044 |    742 |   3670 |   5 | 1341.6 |
        Shoals |   3539 |   3295 |    244 |    113 |   2421 |   4 |  884.8 |
     Snake Pit |   4210 |   3649 |    561 |    162 |   2614 |   4 | 1052.5 |
  Orcish Mines |   2074 |   1387 |    687 |      0 |   1069 |   2 | 1037.0 |
   Elven Halls |   3789 |   2946 |    843 |    230 |   1653 |   3 | 1263.0 |
        Vaults |   6996 |   5961 |   1035 |    229 |   3938 |   5 | 1399.2 |
         Crypt |   2754 |   2637 |    117 |     28 |   1644 |   3 |  918.0 |
        Depths |   3568 |   3271 |    297 |    137 |   2042 |   4 |  892.0 |
           Zot |   2031 |   1908 |    123 |     62 |    844 |   5 |  406.2 |
      Ziggurat |    888 |    888 |      0 |    109 |      0 |  15 |   59.2 |
        Bazaar |     78 |     78 |      0 |      0 |     66 |   1 |   78.0 |
       Ossuary |    204 |    204 |      0 |      0 |      4 |   1 |  204.0 |
        Bailey |    346 |    346 |      0 |     64 |      0 |   1 |  346.0 |
      Ice Cave |    189 |    189 |      0 |     40 |      0 |   1 |  189.0 |
    Desolation |    680 |    680 |      0 |     26 |    277 |   1 |  680.0 |
      Gauntlet |    518 |    518 |      0 |    196 |    133 |   1 |  518.0 |
               +--------+--------+--------+--------+--------+-----+--------+

Top non-repeatable levels by time:
    D:10: 1824 daAuts
  Lair:1: 1816 daAuts
    D:12: 1719 daAuts
Vaults:5: 1695 daAuts
  Lair:2: 1610 daAuts
 Snake:4: 1545 daAuts
   Elf:3: 1534 daAuts
Vaults:2: 1502 daAuts
     D:7: 1483 daAuts
     D:9: 1468 daAuts
 Crypt:3: 1381 daAuts
  Lair:5: 1326 daAuts
Vaults:1: 1326 daAuts
Depths:3: 1289 daAuts
Vaults:4: 1280 daAuts
